 Dungeon Crawl Stone Soup version 0.29.0-11-gd7f09526c8 (webtiles) character file.

Game seed: 9078858325068179534

46 smilodon the Trooper (level 3, 0/29 HPs)
             Began as a Demonspawn Fighter on Sept 6, 2022.
             Slain by a gnoll
             ... wielding a +2 whip of venom
              (5 damage)
             ... on level 3 of the Dungeon.
             The game lasted 00:03:19 (2008 turns).

smilodon the Trooper (Demonspawn Fighter)           Turns: 2008, Time: 00:03:21

Health: 0/29       AC:  8    Str: 16 (18) XL:     3   Next: 44%
Magic:  3/3        EV:  8    Int:  8 (9)  God:
Gold:   44         SH:  4    Dex: 11 (12) Spells: 2/2 levels left

rFire   + . .      SeeInvis .   a - +1 war axe
rCold   . . .      Faith    .   c - +0 buckler
rNeg    . . .      Spirit   .   b - +0 scale mail
rPois   .          Reflect  .   f - +0 hat
rElec   .          Harm     .   (no cloak)
rCorr   .          Rampage  .   (no gloves)
Will    +....                   (no boots)
Stlth   ..........              (no amulet)
HPRegen 0.09/turn               g - ring of protection from fire
MPRegen 0.08/turn               m - ring of willpower

@: mighty, lethally poisoned (0 -> -12)
A: sharp scales 2
a: no special abilities


You were on level 3 of the Dungeon.
You visited 1 branch of the dungeon, and saw 3 of its levels.

You collected 44 gold pieces.

Inventory:

Hand Weapons
 a - a +1 war axe (weapon)
Missiles
 l - 3 poisoned darts (quivered)
Armour
 b - a +0 scale mail (worn)
 c - a +0 buckler (worn)
 f - a +0 hat (worn)
Jewellery
 g - a ring of protection from fire (left hand)
 m - a ring of willpower (right hand)
 o - a +6 ring of strength
Scrolls
 j - a scroll of amnesia
 k - a scroll of teleportation
 n - a scroll of identify
Potions
 e - a potion of invisibility
 h - a potion of magic
 i - a potion of haste


   Skills:
 + Level 3.4 Fighting
 + Level 2.4 Axes
 + Level 3.0 Armour
 + Level 0.1 Dodging
 + Level 3.0 Shields


You had 2 spell levels left.
You didn't know any spells.
Your spell library contained the following spells:

 Spells                   Type           Power      Damage    Failure   Level
 Tukima's Dance           Hex            0%         N/A       99%         3
 Passage of Golubria      Tloc           0%         N/A       100%        4
 Yara's Violent Unravell  Hex/Tmut       0%         3d3       100%        5


Dungeon Overview and Level Annotations

Branches:
Dungeon (3/15)

Altars:

Shops:
D:2 *


Innate Abilities, Weirdness & Mutations

You are mostly covered in razor-sharp scales. (AC +2, Slay +2)


Message History

No target in view!
No target in view!
No target in view!
No target in view!
No target in view!
A gnoll comes into view. It is wielding a +2 whip of venom.
The gnoll shouts!
A gnoll comes into view. It is wielding a +0 halberd.
The gnoll throws a stone.
The stone hits you.
The gnoll throws a stone.
The stone hits you but does no damage.
The gnoll shouts!
You hit the gnoll.
The gnoll is heavily wounded.
The gnoll closely misses you.
A gnoll comes into view. It is wielding a +0 flail.
The gnoll hits you with a +2 whip of venom.
You hit the gnoll.
The gnoll is severely wounded.
The gnoll hits you with a +2 whip of venom.
You are poisoned.
You closely miss the gnoll.
The gnoll is severely wounded.
You feel very sick. You block the gnoll's attack.
You hit the gnoll but do no damage.
The gnoll is severely wounded.
You feel sick. The gnoll hits you with a +0 flail.
You block the gnoll's attack.
You feel very mighty all of a sudden.
You feel sick.
The gnoll hits you with a +2 whip of venom.
You are lethally poisoned!
You block the gnoll's attack.
You closely miss the gnoll.
The gnoll is severely wounded.
You closely miss the gnoll.
* * * LOW HITPOINT WARNING * * *
You feel very sick.
The gnoll hits you with a +2 whip of venom.
You die...

#.....).. #........ ## ###
#........ ... ..# #........
.... #.# #........ .....
#.# #........
.g....#######.# #........
.........gg##.# #(.......
#........#@.#.# #........
#........##.#.### #######'#
#........##.....#########.#
#........####...........#.#
#........#######.######.#.#
#................## #.#.#
#.................# #.#.#
.......#.# #.#.#
.......#.#####.#.#


You could see 2 gnolls.

Vanquished Creatures
  A worm (D:2)
  An orc (D:3)
  2 ball pythons
  9 endoplasms
  2 giant cockroaches (D:2)
  A goblin (D:1)
  4 hobgoblins
  2 quokkas
  6 bats
  4 frilled lizards (D:1)
  2 kobolds
  4 rats
38 creatures vanquished.

Notes
Turn   | Place    | Note
-------+----------+-------------------------------------------
     0 | D:1      | smilodon the Demonspawn Fighter began the quest for the
                  | Orb.
     0 | D:1      | Reached XP level 1. HP: 18/18 MP: 1/1
   386 | D:1      | Found a faded altar of an unknown god.
   403 | D:1      | Gained mutation: You are partially covered in razor-sharp
                  | scales. (AC +1, Slay +1) [demonic ancestry]
   403 | D:1      | Reached XP level 2. HP: 24/24 MP: 2/2
   464 | D:1      | You fall into a shaft and drop 1 floor!
   501 | D:2      | Found Emyinelimm's Assorted Antiques.
  1226 | D:2      | Gained mutation: You are mostly covered in razor-sharp
                  | scales. (AC +2, Slay +2) [demonic ancestry]
  1226 | D:2      | Reached XP level 3. HP: 26/29 MP: 3/3
  2008 | D:3      | Slain by a gnoll

Illustrated notes

Levels and vault maps discovered:
D:1:      dpeg_arrival_court, layout_loops_ring,
          hellmonk_ecumenical_altar_run_dry, nrook_campfire
D:2:      layout_loops_ring, serial_shops, nicolae_shop_statue_plus
D:3:      layout_basic

Skill      XL: |  1  2  3 |
---------------+----------+-----
Axes           | 2 |  2.4
Shields        | 3 |  3.0
Armour         | 3 |  3.0
Fighting       | |  3.4
Dodging        | |  0.1

Action                   || total
-------------------------++-------
Melee: War axe           ||   119
  Use: Potion            ||     6
       Scroll            ||     5
Armor: Scale mail        ||    74
Dodge: Dodged            ||    59
Block: Buckler           ||    45
